AoeStats
← Lady Macbeth

Arabia

508022532Analyzed
2v2 RM · 12d ago on Sep 20, 2026· 51m 46s· 4 players
Game mode
Random Map
Map size
Medium (4 player)
Population
200
Speed
Normal
Resources
Standard
Victory
Conquest
Starting age
Dark Age
Ending age
Imperial Age
RankedLock teamsTeams togetherTeam positionsShared explorationLock speedFull tech treeHidden civsTurbo modeCheats
Victory
Defeat
🇪🇸 Aztecs · Spain
780
+17
🇪🇸 Franks · Spain
734
+19
🇧🇩 Slavs · Bangladesh
796
-18
🇧🇩 Ethiopians · Bangladesh
796
-18
frape.97
2:35 Loom
11:35 Feudal Age
13:08 Wheelbarrow
12:20 Town Watch
12:17 Horse Collar
12:25 Double-Bit Axe
18:20 Gold Mining
21:33 Castle Age
20:22 Arson
20:51 Forging
21:17 Fletching
21:28 Padded Archer Armor
22:01 Scale Mail Armor
22:50 Bow Saw
23:00 Heavy Plow
25:52 Squires
26:25 Elite Skirmisher
27:03 Stone Mining
27:56 Gold Shaft Mining
27:21 Pikeman
28:46 Stone Shaft Mining
31:33 Hand Cart
32:28 Ballistics
32:04 Murder Holes
32:46 Chain Mail Armor
33:07 Iron Casting
32:14 Eagle Warrior
33:38 Atlatl
38:32 Imperial Age
36:40 Leather Archer Armor
36:29 Bodkin Arrow
37:27 Town Patrol
39:37 Conscription
39:44 Garland Wars
40:54 Chemistry
40:33 Elite Eagle Warrior
44:26 Blast Furnace
43:57 Plate Mail Armor
43:29 Bracer
Lady Macbeth
1:29 Loom
12:07 Feudal Age
13:34 Wheelbarrow
12:45 Town Watch
15:13 Double-Bit Axe
22:20 Castle Age
23:27 Hand Cart
23:16 Town Patrol
34:07 Imperial Age
34:43 Stone Mining
34:44 Gold Mining
35:02 Husbandry
34:22 Cavalier
34:23 Light Cavalry
36:30 Murder Holes
36:46 Fortified Wall
36:56 Ballistics
37:16 Bow Saw
37:18 Scale Barding Armor
37:23 Forging
37:14 Scale Mail Armor
37:05 Fletching
37:15 Padded Archer Armor
37:57 Chivalry
38:44 Conscription
39:05 Caravan
39:35 Coinage
42:38 Squires
41:58 Pikeman
42:24 Gambesons
42:25 Arson
43:01 Paladin
43:08 Halberdier
45:06 Bodkin Arrow
45:47 Iron Casting
45:29 Chain Mail Armor
47:34 Chemistry
47:48 Chain Barding Armor
48:29 Blast Furnace
48:26 Gold Shaft Mining
MGtheEvil
5:31 Loom
13:09 Feudal Age
14:05 Double-Bit Axe
14:01 Horse Collar
15:08 Gold Mining
17:48 Bloodlines
23:54 Castle Age
25:46 Wheelbarrow
26:07 Wheelbarrow
26:43 Town Watch
28:32 Bow Saw
30:32 Hand Cart
31:21 Caravan
33:35 Heavy Plow
33:30 Stone Mining
35:39 Detinets
38:29 Imperial Age
38:29 Scale Barding Armor
38:36 Forging
38:30 Husbandry
39:52 Conscription
38:53 Elite Boyar
40:27 Chain Barding Armor
41:50 Hoardings
40:45 Sappers
41:19 Scale Mail Armor
42:00 Crop Rotation
40:56 Light Cavalry
41:58 Masonry
45:31 Iron Casting
45:32 Plate Barding Armor
48:58 Chemistry
48:19 Ballistics
Nayem
3:39 Loom
12:36 Feudal Age
17:57 Wheelbarrow
21:30 Castle Age
21:44 Double-Bit Axe
21:53 Horse Collar
22:57 Crossbowman
23:47 Thumb Ring
27:12 Bow Saw
27:10 Heavy Plow
29:21 Caravan
29:52 Coinage
36:29 Padded Archer Armor
36:20 Fletching
43:19 Imperial Age
44:48 Arbalester
48:24 Ballistics
49:05 Chemistry
48:25 Leather Archer Armor
48:05 Bodkin Arrow
Connection lost

Rejoining the realm…

Still unreachable

The connection could not be restored.

Session expired

The server has moved on; the page needs a fresh start.